Cogmind - Beta 13 @@@ ROGUE MODE // 2024.03.12 @ 19:38:20 Player: darki Result: Destroyed by as-55774 with Assembled F-torch Performance ------------- Evolutions (0) 0 Regions Visited (2) 400 Robots Destroyed (17) 85 Value Destroyed (454) 454 Prototype IDs (2) 40 Alien Tech Used (0) 0 Bonus (0) 0 TOTAL SCORE: 979 Bonus ------- None Cogmind --------- Core Integrity 0/250 Matter 212/300 Energy 30/125 System Corruption 3% Temperature Hot (204) Movement Treading (320) Ox2 Location -10/Mines Parts ------- > --- POWER (1) -------- Light Ion Engine > --- PROPULSION (2) --- Light Treads Light Treads > --- UTILITY (2) ------ Huge Storage Unit > --- WEAPON (2) ------- Assault Rifle Light Assault Rifle > --- INVENTORY (25) --- Aluminum Leg Aluminum Leg Flight Unit Flight Unit Flight Unit Flight Unit Flight Unit Flight Unit Improved Heat Sink Signal Interpreter Particle Gun Beam Cannon Beam Cannon Beam Cannon Beam Cannon Beam Cannon Mining Laser Welding Torch Peak State ------------ > --- POWER ------------ Ion Engine > --- PROPULSION ------- Light Treads Light Treads > --- UTILITY ---------- Huge Storage Unit Seismic Detector > --- WEAPON ----------- Beam Cannon Beam Cannon > --- INVENTORY -------- Ion Engine Light Ion Engine Light Nuclear Core Light Treads Light Treads Light Treads Aluminum Leg Aluminum Leg Flight Unit Flight Unit Flight Unit Flight Unit Flight Unit Flight Unit Improved Heat Sink Signal Interpreter Particle Gun Beam Cannon Beam Cannon Assault Rifle Assault Rifle Assault Rifle Light Assault Rifle Mining Laser Welding Torch [Rating: 10] Favorites ----------- Power Ion Engine Engine Ion Engine Propulsion Light Treads Treads Light Treads Leg Aluminum Leg Utility Huge Storage Unit Device Seismic Detector Storage Huge Storage Unit Weapon Assault Rifle Energy Gun EM Pulse Gun Energy Cannon Beam Cannon Ballistic Gun Assault Rifle Build | -11 -10 -10 ------- Run | Yrd Mat Min Slots Evolved . | . . . Power . | . . . Propulsion . | . . . Utility . | . . . Weapon . | . . . Parts Attached 20 | 4 7 9 Power 3 | 1 . 2 Engine 3 | 1 . 2 Core . | . . . Reactor . | . . . Propulsion 6 | 2 1 3 Treads 6 | 2 1 3 Leg . | . . . Wheel . | . . . Hover . | . . . Flight . | . . . Utility 2 | . 2 . Device 1 | . 1 . Storage 1 | . 1 . Processor . | . . . Hackware . | . . . Protection . | . . . Artifact . | . . . Weapon 9 | 1 4 4 Energy Gun 2 | 1 1 . Energy Cannon 2 | . 2 . Ballistic Gun 5 | . 1 4 Ballistic Cannon . | . . . Launcher . | . . . Special Weapon . | . . . Impact Weapon . | . . . Slashing Weapon . | . . . Piercing Weapon . | . . . Special Melee Weapon . | . . . Unidentified Prototypes . | . . . Parts Lost 8 | . 2 6 Power 2 | . . 2 Propulsion 4 | . 1 3 Utility 1 | . . 1 Weapon 1 | . 1 . Highest Loss Streak 6 | . 1 6 To Critical Strikes . | . . . Average Slot Usage (%) 97 | . 97 98 Engine 13 | . 14 13 Treads 27 | . 28 27 Device 11 | . 11 13 Storage 14 | . 14 14 Energy Gun 4 | . 5 . Energy Cannon 7 | . 2 27 Ballistic Gun 16 | . 20 . Naked Turns . | . . . Heaviest Build 92 | 14 92 92 Greatest Support 40 | 40 40 40 Greatest Overweight (x) 2 | . 2 2 Average Overweight (x) 1 | . 1 2 Largest Inventory Capacity 25 | 8 25 25 Average Capacity 24 | 8 24 25 Most Carried 25 | 6 25 25 Average Carried 17 | 5 16 24 Final Capacity 25 | 8 25 25 Final Carried 25 | 4 25 18 Class Distribution -------------------- 100% | Mutant Dominant Class ---------------- Mutant | -10/Materials Mutant | -10/Mines Resources | -11 -10 -10 ----------- Run | Yrd Mat Min Matter Collected 495 | 200 295 . Remotely . | . . . Salvage Created 573 | . 541 32 Parts 43 | . 40 3 Haulers Intercepted 2 | . 2 . Recyclers Shooed . | . . . Parts Field Recycled . | . . . Retrieved Matter . | . . . Parts Self-Destructed . | . . . Prevented . | . . . Kills | -11 -10 -10 ------- Run | Yrd Mat Min Combat Hostiles Destroyed 11 | . 8 3 Guns 10 | . 8 2 Cannons 1 | . . 1 Classes Destroyed 8 | . 5 3 Builder 1 | . 1 . Tunneler 1 | . . 1 Hauler 2 | . 2 . Operator 1 | . 1 . Watcher 3 | . 3 . Grunt 8 | . 8 . Demolisher 1 | . . 1 Assembled 2 | . . 2 Best Kill Streak 4 | . 2 4 Combat Bots Only 3 | . 2 3 Max Kills in Single Turn 1 | . 1 1 Gunslinging . | . . . Exploded . | . . . Melee . | . . . Uniques/NPCs Destroyed . | . . . Combat | -11 -10 -10 -------- Run | Yrd Mat Min Hostile Shots Fired 100 | . 39 61 Missed 18 | . 10 8 Damage Taken 1432 | . 414 1018 Core 256 | . 50 206 Absorbed by Shields . | . . . Core Remaining (%) 100 | 100 . . Volleys Fired 49 | . 40 9 Largest 2 | . 2 2 Hottest 120 | . 60 120 Shots Fired 96 | . 78 18 Gun 84 | . 78 6 Cannon 12 | . . 12 Launcher . | . . . Special . | . . . Kinetic 71 | . 65 6 Thermal 12 | . . 12 Explosive . | . . . Electromagnetic 13 | . 13 . Robot Hit Streak 22 | . 22 7 Robot Miss Streak 5 | . 5 4 Penetration Max . | . . . Secondary Targets . | . . . Shots Hit Robots 71 | . 59 12 Core Hits 37 | . 28 9 Critical Kills . | . . . Critical Parts Destroyed . | . . . Critical Strikes . | . . . Melee Attacks . | . . . Impact . | . . . Slashing . | . . . Piercing . | . . . Sneak Attacks . | . . . Combat Hostiles . | . . . Follow-up Attacks . | . . . Damage Inflicted 1042 | . 787 255 Guns 829 | . 750 79 Cannons 176 | . . 176 Explosions 37 | . 37 . Melee . | . . . Ramming . | . . . Kinetic 682 | . 603 79 Thermal 213 | . 37 176 Explosive . | . . . Electromagnetic 147 | . 147 . Impact . | . . . Slashing . | . . . Piercing . | . . . Highest Corruption 3 | . . 3 Average Corruption 3 | . . 3 Corruption Purged . | . . . Corruption Blocked . | . . . Overload Shots . | . . . Overflow Damage . | . . . Projectiles . | . . . Explosions . | . . . Melee . | . . . Knockbacks . | . . . Impact . | . . . Kinetic . | . . . Secondary . | . . . Self-Inflicted Damage 36 | . 36 . Shots 1 | . 1 . Rammed . | . . . Targets Rammed . | . . . Kicked . | . . . Crushed . | . . . Highest Temperature 322 | . 57 322 Average Temperature 111 | . 26 199 Received Heat Transfer 450 | . 210 240 Effects 3 | . . 3 Energy Bleed 1 | . . 1 Interference 2 | . . 2 Siege Activations . | . . . Robots Corrupted . | . . . Combat Hostiles . | . . . Parts Fried . | . . . Impact Corruptions . | . . . Robots Melted . | . . . Combat Hostiles . | . . . Parts Melted . | . . . Heat Transferred 420 | . 50 370 Parts Sabotaged . | . . . Parts Stolen . | . . . Parts Stripped . | . . . Power Chain Reactions 1 | . 1 . Alert | -11 -10 -10 ------- Run | Yrd Mat Min Peak Influence 94 | . 94 20 Initial . | . . . Average 17 | . 21 . Maximum Alert Level . | . . . Low Security (%) 100 | 100 100 100 Level 1 . | . . . Level 2 . | . . . Level 3 . | . . . Level 4 . | . . . Level 5 . | . . . High Security . | . . . Max Security . | . . . Squads Dispatched 1 | . 1 . Investigation . | . . . Extermination . | . . . Reinforcement 1 | . 1 . Assault . | . . . Garrison . | . . . Intercept . | . . . Searches Triggered . | . . . Construction Impeded . | . . . Haulers Reinforced . | . . . Active Scanning Responses . | . . . Cargo Convoy Interrupts . | . . . Stealth | -11 -10 -10 --------- Run | Yrd Mat Min Distress Signals 1 | . 1 . Communications Jammed . | . . . Distress Signals . | . . . Times Spotted 29 | . 18 11 Peak Tracking Total 7 | . 3 7 Tactical Retreats . | . . . Traps | -11 -10 -10 ------- Run | Yrd Mat Min Traps Triggered . | . . . Indirectly . | . . . Trap Hack Attempts . | . . . Triggered . | . . . Disarmed . | . . . Reprogrammed . | . . . Reused . | . . . Traps Extracted . | . . . Installed . | . . . Triggered . | . . . Machines | -11 -10 -10 ---------- Run | Yrd Mat Min Machines Disabled 1 | . 1 . Max in Single Turn 1 | . 1 . Machines Repaired . | . . . Machines Dismantled . | . . . Machines Sabotaged . | . . . Overloaded Fab Kills . | . . . Hacking | -11 -10 -10 --------- Run | Yrd Mat Min Machines Accessed 7 | . 7 . Terminals 7 | . 7 . Fabricators . | . . . Repair Stations . | . . . Recycling Units . | . . . Scanalyzers . | . . . Garrison Access . | . . . Total Hacks 32 | . 32 . Successful 20 | . 20 . Failed 12 | . 12 . Catastrophic 1 | . 1 . Database Lockouts . | . . . Manual 18 | . 18 . Terminals 32 | . 32 . Fabricators . | . . . Repair Stations . | . . . Recycling Units . | . . . Scanalyzers . | . . . Garrison Access . | . . . Terminal Hacks 14 | . 14 . Part Schematic 1 | . 1 . Prototype ID Bank 1 | . 1 . Branch Access Points 1 | . 1 . Emergency Access Points 1 | . 1 . Terminal Index 1 | . 1 . Unreport Threat 2 | . 2 . Locate Traps 2 | . 2 . Dispatch Records 1 | . 1 . Security Status 1 | . 1 . Patrol Status 1 | . 1 . Zone Layout 2 | . 2 . Fabricator Hacks . | . . . Repair Station Hacks . | . . . Recycling Unit Hacks . | . . . Scanalyzer . | . . . Garrison Access Hacks . | . . . Unauthorized Hacks 6 | . 6 . Terminals 6 | . 6 . Botnet 5 | . 5 . Operators 1 | . 1 . Fabricators . | . . . Repair Stations . | . . . Recycling Units . | . . . Scanalyzers . | . . . Garrison Access . | . . . Data Cores Recovered . | . . . Used . | . . . Hacking Detections 6 | . 6 . Full Trace Events 1 | . 1 . Feedback Events . | . . . Feedback Blocked . | . . . Robot Schematics Acquired . | . . . Robots Built . | . . . Authchips . | . . . Time . | . . . Total Robot Build Rating . | . . . Part Schematics Acquired 1 | . 1 . Parts Built . | . . . Authchips . | . . . Time . | . . . Total Part Build Rating . | . . . Parts Repaired . | . . . Time . | . . . Parts Recycled . | . . . Recycled Matter . | . . . Retrieved Matter . | . . . Retrieved Components . | . . . Parts Scanalyzed . | . . . Part Schematics Acquired . | . . . Parts Damaged . | . . . Bothacking | -11 -10 -10 ------------ Run | Yrd Mat Min Used RIF Installer . | . . . Robots Hacked . | . . . Non-combat . | . . . Combat . | . . . Robot Hacks Applied . | . . . Relay Couplers Released . | . . . Fabnet Peak Effective % . | . . . Robots Rewired . | . . . Allies Hacked . | . . . Hacks Repelled . | . . . Allies | -11 -10 -10 -------- Run | Yrd Mat Min Total Allies . | . . . Largest Group . | . . . Highest-Rated Group . | . . . Highest-Rated Ally . | . . . Total Orders . | . . . Ally Attacks . | . . . Total Damage . | . . . Kills . | . . . Allies Corrupted . | . . . Allies Melted . | . . . Intel | -11 -10 -10 ------- Run | Yrd Mat Min Robot Analysis Total . | . . . Derelict Logs Recovered 1 | . . 1 Drone Launches . | . . . Drone Recoveries . | . . . Exploration | -11 -10 -10 ------------- Run | Yrd Mat Min Turns Passed 3359 | 9 2687 663 Spaces Moved 987 | 1 791 195 Core . | . . . Treads 987 | 1 791 195 Legs . | . . . Wheels . | . . . Hover . | . . . Flight . | . . . Fastest Speed 160 | 160 160 320 Average Speed 311 | 160 309 320 Slowest Speed 320 | 160 320 320 Overloaded Moves . | . . . Propulsion Burnouts . | . . . Robots Hopped . | . . . Cave-ins Triggered . | . . . Exploration Rate (%) 43 | 2 94 33 Regions Visited 2 Branch Regions 1 Pre-discovered Areas . | . . . Known Exits Taken 1 | . 1 . Unknown Exits Taken 1 | 1 . . Scrap Searched . | . . . Spaces Dug . | . . . Terrain Destroyed 3 | . 3 . Melee . | . . . Projectile . | . . . AOE 3 | . 3 . Terrain Rammed . | . . . Walls Destroyed . | . . . Machines Disabled . | . . . Actions | -11 -10 -10 --------- Run | Yrd Mat Min Total 1176 | 8 952 216 Wait 88 | . 87 1 Move 985 | . 790 195 Hop . | . . . Pick Up 24 | 1 23 . Fast Attach 4 | . 4 . Attach 9 | . 2 7 Detach 2 | . 2 . Swap 7 | 4 1 2 Drop 8 | 3 3 2 Fire 49 | . 40 9 Melee . | . . . Ram . | . . . Kick . | . . . Crush . | . . . Escape Stasis . | . . . Rewire . | . . . Trap . | . . . Miscellaneous . | . . . Route ------- -11/Scrapyard -10/Materials (discovered 5 exits: [*Mat x3] / *Min x2) -10/Mines (discovered 2 exits: [*Mat x2]) History --------- Turn | Location | Event 10 | -11/Scrapyard | Discovered new exit (range 0) 10 | -11/Scrapyard | Entered Materials 80 | -10/Materials | Discovered new exit (range 15) 307 | -10/Materials | Build established: Mutant 720 | -10/Materials | Discovered new exit (range 16) 1150 | -10/Materials | Discovered new exit (range 14) 1150 | -10/Materials | Identified exit to Mines 2697 | -10/Materials | Entered Mines 2932 | -10/Mines | Learned Materials stockpile data 2938 | -10/Mines | Discovered new exit (range 9) 3114 | -10/Mines | Discovered new exit (range 14) 3311 | -10/Mines | Assembled infested the area 3326 | -10/Mines | Core integrity fell below 50% 3355 | -10/Mines | Core integrity fell below 20% 3360 | -10/Mines | Destroyed by as-55774 with Assembled F-torch Last Messages --------------- 03347_ U-05 Engineer builds a Wall. 03348_ U-05 Engineer lays Concrete. 03348_ Ion Engine destroyed. 03349_ U-05 Engineer builds a Wall. 03351_ U-05 Engineer lays Concrete. 03352_ K-01 Serf collects debris. 03352_ as-18259 destroyed. 03353_ U-05 Engineer lays Concrete. 03355_ Overheating: System interference. 03355_ Assault Rifle temporarily disabled. 03355_ U-05 Engineer builds a Wall. 03355_ K-01 Serf collects debris. 03355_ Dropped Assault Rifle. 03355_ R-06 Scavenger collects Assault Rifle. 03356_ Dropped Assault Rifle. 03356_ Lgt. Treads destroyed. 03358_ The unstable cave ceiling collapses. 03358_ R-06 Scavenger collects Assault Rifle. 03359_ K-01 Serf collects debris. 03359_ U-05 Engineer builds a Wall. Map ----- +----------------------------------------------------+ | ????????????????????????????????????????# #?? | | ????????????????????????????????????????# #?? | | ???????????????????????????????????????## #?? | | ??????????????????????????????????????## #?? | | ??????????????????????????????????????# ##? | | ??????????????????????????????????????## ## | | ???????????????????????????????????????#### # | | ??????????????????????????????????????????## | | ??????????????????????????????????????????## | | ??????????????????????????????????????????# | | ?????????????????????????# ???????????????# | | ?????????????????????????# ???????????????## | | ?????????????????????????# ????????????????### # | | ???????????????????????### ######????????????### # | | ???????????????????????# #?????########## # | | ???????????????????????# #?????# # | | ????????????? ?????????# < """ #?????# ########## | | ????????????? ????????# """ #?????# #?????###? | | ????????????? ??????# """ ####### #????# ## | | ?????????????? ?????# #???? # | | ???????????????# ????# #???# # | | ????????????????# ?## ############## #? | | ????????????????#k # # ##????????## #?? | | ???????????????## # #???????## #?? | | ???????????????# k #### ####?????# #??? | | ??????????????# @ ##???## ##??? | | ?????????????# ru r ##??# ##?### | | ?????????????# aaa ## ### ##?# """ ### | | ?????????????## ## a a ## ### #?# """ | | ??????????????????##k # ## ##?# #?# """ | | ???????????????????# a########?## #?# | | ???????????????????# ?????????# #### ## | | ???????????????????# ??????????# #?## #### # | | ???????????????????#??????????## #### #### # | | ?????????????????????????????## # | | ????????????????????????????## ##### ## | | ????????????????????????????# ######????##? | | ????????????????????????????# #???????????? | | ????????????????????????????# ##???????????? | | ????????????????????????????# ##????????????? | | ????????????????????????????## #?????????????? | | ?????????????????????????????## ##????????????? | | ??????????????????????????????## #????????????? | | ???????????????????????????????## #????????????? | | ????????????????????????????????# #????????????? | | ????????????????????????????????# ##???????????? | | ????????????????????????????????## ###?????????? | | ?????????????????????????????????## ##????????? | | ??????????????????????????????????# #????????? | | ?????????????????????????????????## #????????? | +----------------------------------------------------+ Best States ------------- Heat Dissipation 25 Energy Generation 10 Energy Capacity 250 Matter Stores 300 Matter Capacity 300 Sight Range 16 Terrain Scan Density 10 Evasion (%) 40 Recoil Reduction 2 Item Schematics ----------------- Datajack | -10/Materials | Hacked Robot Schematics ------------------ None Fabricated ------------ Nothing Alien Tech Used ----------------- None Achievements -------------- None Challenges ------------ None Game ------ Seed TachyonBackupRedistributor Manual? 0 Play Time 00:16:01 Cumulative 150.6 hours Start 2024.03.11 @ 23:42:12 End 2024.03.12 @ 19:38:20 Sessions 2 Manual Loads 0 Difficulty Rogue Special Mode None Game No. 165 Rogue 165 Adventurer 0 Explorer 0 Win Type - Total 0 Types 0/0/0/0/0/0/0/0/0 Lore% 52 Gallery% 69 Achievement% 55 Wizard Run 0 Options --------- Layout 1 ASCII 0 Keyboard 0 Movement Numpad Keybinds 0 Fullscreen 1 Font 24/Smallcaps Map View 50x35 Zoom Use 0% Tactical HUD 1 Map Filters NONE Filters NONE Steam 1 RUN: 0a3a193d-06c0-4592-86c8-b0ad076d60df